 Dungeon Crawl Stone Soup version 0.26-b1-32-g5d43845318 (webtiles) character file.

Game seed: 8659293365851773037

9750 wakim the Basher (level 11, -2/101 HPs)
             Began as a Minotaur Fighter on Jan 9, 2021.
             Was a High Priest of Makhleb.
             Slain by a boulder beetle (19 damage)
             ... on level 11 of the Dungeon.
             The game lasted 00:58:26 (9152 turns).

wakim the Basher (Minotaur Fighter)                 Turns: 9152, Time: 00:58:26

Health: -2/101     AC: 18    Str: 20    XL:     11   Next: 27%
Magic:  14/14      EV: 11    Int:  6    God:    Makhleb [*****.]
Gold:   1350       SH: 12    Dex: 13    Spells: 10/10 levels left

rFire    + . .     SeeInvis .   u - +4 mace (holy)
rCold    . . .     Faith    .   c - +0 kite shield
rNeg     . . .     Spirit   .   E - +1 chain mail {rF+}
rPois    .         Reflect  .   (helmet restricted)
rElec    .         Harm     .   y - +2 cloak
rCorr    .         Rampage  .   A - +0 pair of gloves
Will     .....                  m - +1 pair of boots
Stlth    ..........             (no amulet)
HPRegen  0.26/turn              q - ring of flight
MPRegen  0.14/turn              l - +4 ring of evasion

@: no status effects
A: retaliatory headbutt, horns 2
a: Renounce Religion, Evoke Flight, Minor Destruction, Lesser Servant of
Makhleb, Major Destruction, Greater Servant of Makhleb


You were on level 11 of the Dungeon.
You worshipped Makhleb.
Makhleb was extremely pleased with you.
You visited 2 branches of the dungeon, and saw 12 of its levels.
You also visited: Bailey.

You collected 1350 gold pieces.

Inventory:

Hand Weapons
 a - a +0 dire flail
 b - a +0 hunting sling
 u - a +4 mace of holy wrath (weapon)
 H - a +2 morningstar of draining
Missiles
 o - 72 boomerangs (quivered)
 t - 5 atropa-tipped darts
 v - 107 sling bullets
Armour
 c - a +0 kite shield (worn)
 m - a +1 pair of boots (worn)
 w - a +0 plate armour
 y - a +2 cloak (worn)
 A - a +0 pair of gloves (worn)
 C - a +3 chain mail
 E - a +1 chain mail of fire resistance (worn)
Jewellery
 l - a +4 ring of evasion (right hand)
 q - a ring of flight (left hand)
 I - an uncursed ring of wizardry {unknown}
Wands
 x - a wand of polymorph (7)
 z - a wand of acid (14)
 D - a wand of disintegration (12)
Scrolls
 f - 3 scrolls of identify
 g - 2 scrolls of amnesia
 j - 3 scrolls of enchant weapon
 n - 7 scrolls of remove curse
 s - 2 scrolls of teleportation
 B - a scroll of fog
 F - a scroll of enchant armour
Potions
 d - 3 potions of might
 e - 2 potions of curing
 h - 4 potions of brilliance
 i - a potion of magic
 k - 3 potions of haste
 p - 4 potions of flight
 r - a potion of heal wounds
 G - a potion of mutation {unknown}


   Skills:
 + Level 10.8 Fighting
 + Level 11.5 Maces & Flails
 - Level 2.1 Slings
 - Level 8.0 Armour
 + Level 10.8 Shields
 - Level 6.0 Invocations


You had 10 spell levels left.
You didn't know any spells.
Your spell library was empty.

Dungeon Overview and Level Annotations

Branches:
Dungeon (11/15)            Temple (1/1) D:7            Lair (0/6) D:11
    Orc (0/2) D:9          Bailey (visited)

Altars:
Ashenzari
Dithmenos
Elyvilon
Makhleb
Okawaru
Qazlal
Ru
Uskayaw
Vehumet
Wu Jian
Xom
The Shining One

Shops:
D:7 [

Portals:
Trove: D:10 (give +4 demon trident)

Annotations:
D:5 Duvessa
D:10 3 runed translucent doors, Icreabex's ghost, journeyman MfSk; Jatjacob's ghost, journeyman MiBe; Urext's ghost, novice MiBe


Innate Abilities, Weirdness & Mutations

You reflexively headbutt those who attack you in melee.
You have a pair of horns on your head.


Message History

* * * LOW HITPOINT WARNING * * *
Your hellwing hits the boulder beetle.
Your hellwing hits the boulder beetle but does no damage.
You hit the boulder beetle but do no damage.
The boulder beetle is severely wounded.
The boulder beetle leaps!
The boulder beetle curls into a ball and begins rolling!
Your hellwing swoops through the air toward the boulder beetle!
Your hellwing barely misses the boulder beetle.
Your hellwing hits the boulder beetle but does no damage.
The boulder beetle hits you but does no damage.
The boulder beetle stops rolling and uncurls.
The boulder beetle bites you!!
* * * LOW HITPOINT WARNING * * *
You block the boulder beetle's attack.
Your hellwing hits the boulder beetle but does no damage. x2
You hit the boulder beetle. You headbutt the boulder beetle.
The boulder beetle is heavily wounded.
The boulder beetle bites you!!
You die...

#..........# ####......
#..........# #......
####.####### ####'## #..#
####.# ##.# #....#
####.#### ##.#####
#.......# #......#
#.......# #......#
###....@4.#### #(.....#
#......B.....# #......#
#..#.......##....#.......
#.##.......# ##.#......#
#. #.......# #..}.....# .
#.......# ###......#
#.......# #......#
##.###### #......# #.
#####.##


You could see a boulder beetle and a friendly hellwing (summoned).

Vanquished Creatures
  Harold (D:7)
  A vault guard (D:10)
  A two-headed ogre (D:9)
  Urug (D:10)
  An orc knight (Bailey)
  A manticore (D:11)
  A centaur zombie (D:10)
  A gargoyle (D:11)
  A centaur skeleton (D:11)
  Prince Ribbit (D:5)
  A vampire (D:9)
  3 yaks (D:10)
  Menkaure (D:7)
  2 water moccasins
  5 orc warriors
  An eye of draining (D:10)
  2 ice beasts
  3 sky beasts
  3 phantoms
  A necrophage (D:11)
  4 black bears (D:11)
  2 centaurs
  A big kobold (D:10)
  7 bullfrogs
  2 scorpions
  A water moccasin skeleton (D:7)
  Dowan (D:5)
  3 wights (D:10)
  3 bullfrog zombies
  4 hounds
  4 jellies
  7 orc priests
  11 orc wizards
  3 bullfrog skeletons
  2 iguanas
  7 worker ants
  A killer bee zombie (D:8)
  2 hound skeletons
  A worker ant zombie (D:6)
  6 adders
  5 gnolls
  A shadow imp (D:3)
  A white imp (D:5)
  2 oozes
  3 adder zombies
  A worm (D:3)
  2 dart slugs (D:1)
  4 leopard geckos
  53 orcs
  5 giant cockroaches
  21 goblins
  10 hobgoblins
  11 jackals
  26 kobolds
  6 quokkas
  12 bats
  7 frilled lizards
  A jackal skeleton (D:6)
  2 quokka skeletons
  8 rats
285 creatures vanquished.

Vanquished Creatures (others)
  4 withered plants (D:10)
4 creatures vanquished.

Grand Total: 289 creatures vanquished

Notes
Turn   | Place    | Note
-------+----------+-------------------------------------------
     0 | D:1      | wakim the Minotaur Fighter began the quest for the Orb.
     0 | D:1      | Reached XP level 1. HP: 19/19 MP: 0/0
   264 | D:1      | Reached XP level 2. HP: 20/27 MP: 1/1
   440 | D:1      | Reached skill level 3 in Maces & Flails
   467 | D:1      | Reached XP level 3. HP: 22/33 MP: 2/2
   947 | D:2      | Reached skill level 1 in Slings
   947 | D:2      | Reached XP level 4. HP: 33/40 MP: 3/3
  1216 | D:2      | Noticed a water moccasin
  1236 | D:2      | Killed a water moccasin
  1237 | D:2      | Reached skill level 4 in Maces & Flails
  1237 | D:2      | Reached XP level 5. HP: 10/47 MP: 4/4
  1952 | D:2      | Reached XP level 6. HP: 53/53 MP: 5/5
  2164 | D:3      | Found a burning altar of Makhleb.
  2173 | D:3      | Became a worshipper of Makhleb the Destroyer
  2538 | D:3      | Reached skill level 5 in Maces & Flails
  2738 | D:3      | Found a sacrificial altar of Ru.
  2739 | D:3      | Found a shadowy altar of Dithmenos.
  3023 | D:3      | Reached * piety under Makhleb
  3044 | D:3      | Reached skill level 5 in Fighting
  3044 | D:3      | Reached skill level 5 in Shields
  3044 | D:3      | Reached skill level 1 in Invocations
  3193 | D:4      | Reached skill level 5 in Armour
  3384 | D:4      | Reached XP level 7. HP: 54/61 MP: 6/6
  3582 | D:4      | Found an iron altar of Okawaru.
  3764 | D:5      | Entered Level 5 of the Dungeon
  3859 | D:5      | Reached skill level 6 in Maces & Flails
  3861 | D:5      | Reached ** piety under Makhleb
  3877 | D:5      | Found a radiant altar of Vehumet.
  3877 | D:5      | Noticed Dowan
  3884 | D:5      | Killed Dowan
  3886 | D:5      | Noticed Duvessa
  3893 | D:5      | Noticed Prince Ribbit
  4326 | D:5      | Killed Prince Ribbit
  4327 | D:5      | Reached XP level 8. HP: 69/70 MP: 8/8
  4503 | D:6      | Reached skill level 7 in Maces & Flails
  4955 | D:6      | Reached *** piety under Makhleb
  5134 | D:6      | Found a glowing golden altar of the Shining One.
  5332 | D:7      | Found Ocliat's Armour Emporium.
  5373 | D:7      | Noticed Harold
  5396 | D:7      | Killed Harold
  5397 | D:7      | Reached skill level 8 in Maces & Flails
  5397 | D:7      | Reached XP level 9. HP: 58/79 MP: 9/11
  5525 | D:7      | Found a flagged portal.
  5654 | Bailey   | Entered a bailey
  5831 | Bailey   | Noticed an orc knight
  5850 | Bailey   | Killed an orc knight
  5879 | Bailey   | Reached skill level 9 in Maces & Flails
  5879 | Bailey   | Reached skill level 5 in Invocations
  5972 | D:7      | Noticed Menkaure
  5987 | D:7      | Killed Menkaure
  6217 | D:7      | Found a broken altar of Ashenzari.
  6401 | D:7      | Found a staircase to the Ecumenical Temple.
  6407 | Temple   | Entered the Ecumenical Temple
  6452 | D:7      | Found a white marble altar of Elyvilon.
  6567 | D:7      | Found a stormy altar of Qazlal.
  6741 | D:8      | Reached XP level 10. HP: 47/89 MP: 13/13
  6743 | D:8      | Reached **** piety under Makhleb
  6805 | D:8      | You fall into a shaft and drop 1 floor!
  6852 | D:9      | Noticed a two-headed ogre
  6867 | D:9      | Killed a two-headed ogre
  7028 | D:9      | Found an ornate altar of the Wu Jian Council.
  7079 | D:9      | Noticed a +0 dagger
  7079 | D:9      | Noticed a +0 hand axe
  7081 | D:9      | Found a hide-covered altar of Uskayaw.
  7157 | D:9      | Found a staircase to the Orcish Mines.
  7157 | D:9      | Found a shimmering altar of Xom.
  7593 | D:10     | Entered Level 10 of the Dungeon
  7699 | D:10     | Reached skill level 10 in Maces & Flails
  7789 | D:10     | Found a runed translucent gate.
  7789 | D:10     | Found a runed translucent gate.
  7789 | D:10     | Found a runed translucent gate.
  7793 | D:10     | Noticed Icreabex's ghost (journeyman MfSk)
  7793 | D:10     | Noticed Urext's ghost (novice MiBe)
  7793 | D:10     | Noticed Jatjacob's ghost (journeyman MiBe)
  7894 | D:10     | Noticed a vault guard
  7928 | D:10     | Killed a vault guard
  7931 | D:10     | Reached skill level 10 in Shields
  7937 | D:10     | Reached skill level 10 in Fighting
  8216 | D:10     | Found a portal to a secret trove of treasure.
  8301 | D:10     | Noticed Urug
  8328 | D:10     | Killed Urug
  8329 | D:10     | Reached skill level 11 in Maces & Flails
  8372 | D:10     | Reached XP level 11. HP: 81/100 MP: 14/14
  8677 | D:11     | Found a staircase to the Lair.
  8702 | D:11     | Reached ***** piety under Makhleb
  9093 | D:11     | Noticed a boulder beetle
  9152 | D:11     | Slain by a boulder beetle

Illustrated notes

Levels and vault maps discovered:
D:1:      dpeg_arrival_three_same_balls, layout_basic
D:2:      layout_basic
D:3:      layout_basic, makhleb_grotto_becter, gammafunk_temple_overflow_wave,
          amcnicky_mini_rare_corridor_liquid
D:4:      layout_cave_pools, kennysheep_okawaru_gauntlet,
          nicolae_underground_beach
D:5:      layout_basic, vehumet_altar_wand_db, kennysheep_small_circle,
          uniq_prince_ribbit1, uniq_duvessa
D:6:      layout_basic, tso_altar
D:7:      layout_cave_pods, grunt_qazlal_clouds, cheibrodos_ashenzari_chains,
          elyvilon_altar_5, minmay_temple_entry_fiery, serial_shops,
          nicolae_shop_statue_plus, enter_bailey_5, corner_web_ring,
          uniq_harold, uniq_menkaure
D:8:      layout_basic, serial_shops, shop, gammafunk_ghost_stat_death
D:9:      layout_irregular_city, kennysheep_mini, dancing_weapons_uskayaw,
          orc_0_dummy, basic_altar
D:10:     layout_irregular_city, enter_trove_5, gammafunk_ghost_cemetery,
          minivault_24, hangedman_decor_lopped, uniq_urug
D:11:     layout_roguey, lair_entry_dummy
Temple:   minmay_temple_curvy_loop

Skill      XL: |  1  2  3  4  5  6  7  8  9 10 |
---------------+-------------------------------+-----
Maces & Flails | 3 4 5 6 8 9 11 | 11.5
Armour         | 4 5 7 8 |  8.0
Fighting       | 4 5 7 8 10 | 10.8
Shields        | 4 5 7 8 10 | 10.8
Slings         | 1 2 |  2.1
Invocations    | 1 2 4 5 6 |  6.0

Action                   |  1- 3 |  4- 6 |  7- 9 | 10-12 || total
-------------------------+-------+-------+-------+-------++-------
Melee: Flail             |    82 |   199 |   187 |       ||   468
       Headbutt          |     9 |    25 |    80 |    90 ||   204
       Mace              |       |       |   197 |   343 ||   540
Throw: Stone             |     8 |       |       |       ||     8
       Boomerang         |       |    25 |    23 |     7 ||    55
Invok: Lesser Servant of |       |       |       |     1 ||     1
 Abil: Evoke Flight      |       |       |     1 |       ||     1
  Use: Potion            |       |     2 |     4 |       ||     6
       Scroll            |       |     1 |    13 |     3 ||    17
Armor: Scale mail        |    40 |    48 |       |       ||    88
       Chain mail        |       |    48 |   161 |   110 ||   319
Dodge: Dodged            |    21 |    46 |   105 |   109 ||   281
Block: Kite shield       |    57 |   120 |   244 |   201 ||   622
